 Dungeon Crawl Stone Soup version 0.23-a0-183-gf37f6fb (webtiles) character file.

63 iamserjio the Grave Robber (level 3, 0/29 HPs)
             Began as a Draconian Wanderer on Sept 21, 2018.
             Slain by a hobgoblin
             ... wielding a +0 club
              (4 damage)
             ... on level 2 of the Dungeon.
             The game lasted 00:03:28 (1694 turns).

iamserjio the Grave Robber (Draconian Wanderer)     Turns: 1694, Time: 00:03:29

Health: 0/29       AC:  5    Str: 14    XL:     3   Next: 89%
Magic:  4/4        EV: 10    Int: 12    God:
Gold:   141        SH:  4    Dex: 11    Spells: 4/4 levels left

rFire    . . .     SeeInvis .   a - +2 dagger
rCold    . . .     Gourm    .   d - +0 buckler
rNeg     . . .     Faith    .   (armour unavailable)
rPois    .         Spirit   .   (helmet restricted)
rElec    .         Reflect  .   (no cloak)
rCorr    .         Harm     .   (no gloves)
MR       .....                  (no boots)
Stlth    +.........             (no amulet)
HPRegen  0.09/turn              (no ring)
MPRegen  0.09/turn              (no ring)

@: no status effects
A: unfitting armour, cold-blooded, AC +5
a: no special abilities


You were on level 2 of the Dungeon.
You were hungry.

You visited 1 branch of the dungeon, and saw 2 of its levels.

You collected 141 gold pieces.

Inventory:

Hand Weapons
 a - a +2 dagger (weapon)
 c - a +0 quarterstaff
 p - a cursed -3 falchion
Missiles
 e - 12 poisoned needles
 o - 23 arrows
Armour
 d - a +0 buckler (worn)
 k - a +0 pair of boots
Jewellery
 h - an uncursed ring of see invisible {unknown}
 i - a cursed ring of teleportation {unknown}
 n - an uncursed amulet of regeneration {unknown}
Scrolls
 b - 2 scrolls of fear
 m - a scroll of remove curse {unknown}
 s - a scroll of magic mapping {unknown}
Potions
 j - a potion of curing {@q1}
 l - a potion of lignification {unknown}
 q - a potion of ambrosia {unknown}
 r - a potion of magic {unknown}
Comestibles
 f - 7 rations


   Skills:
 - Level 2.1 Fighting
 - Level 1.0 Staves
 - Level 1.0 Stealth
 + Level 2.2 Shields
 * Level 2.8 Unarmed Combat
 - Level 1.0 Spellcasting
   Level 3.0 Necromancy
   Level 1.0 Translocations


You had 4 spell levels left.
You didn't know any spells.
Your spell library was empty.

Dungeon Overview and Level Annotations

Branches:
Dungeon (2/15)

Altars:
Gozag
The Shining One


Innate Abilities, Weirdness & Mutations

Your plain brown scales are hard. (AC +5)
You cannot fit into any form of body armour.
You are cold-blooded and may be slowed by cold attacks.


Message History

* * * LOW HITPOINT WARNING * * *
The gnoll misses you.
You climb upwards.
There is a stone staircase leading down, spattered with blood here.
The gnoll hits you from afar with a spear.
* * * LOW HITPOINT WARNING * * *
The hobgoblin hits you but does no damage.
There is a stone staircase leading down here.
There is a stone staircase leading down, spattered with blood here.
The hobgoblin hits you with a club.
* * * LOW HITPOINT WARNING * * *
You climb downwards.
There is a stone staircase leading up here.
You closely miss the hobgoblin.
Your tail-slap misses the hobgoblin.
The hobgoblin closely misses you.
You hit the hobgoblin. The hobgoblin closely misses you.
You barely miss the hobgoblin.
You tail-slap the hobgoblin, but do no damage.
The hobgoblin hits you with a club.
You die...

#####......####
............... ###
#####..###.##.# +.#######.#
#####......##.# #.........#
...........##.# #..##.....#
.#.#####......#### ####..#
g...# .#########.##....#
#..#..# ...#
.####_####.#####g# #..g..# ..#
.##.....##....##@###..#.## .#
.##♣...♣#####.##..)...#.# . #
.##.....#####.##.####.[.# ...
.##♣...♣##.......#####..#.....
.####'## #............)....>.#
..^##.# ############...#....#
......# #...###'## ...####
##..# # #### ##### ##.#


You could see a hobgoblin.

Vanquished Creatures
  2 gnolls
  An adder (D:2)
  An ooze (D:2)
  A leopard gecko (D:1)
  A ball python (D:2)
  4 bats (D:1)
  3 giant cockroaches (D:1)
  3 goblins (D:1)
  2 hobgoblins (D:1)
  2 jackals (D:1)
  4 kobolds
  3 frilled lizards
  2 rats (D:1)
29 creatures vanquished.

Notes
Turn   | Place    | Note
-------+----------+-------------------------------------------
     0 | D:1      | iamserjio the Draconian Wanderer began the quest for the
                  | Orb.
     0 | D:1      | iamserjio set off with: a +2 dagger, a scroll of fear, a +0
                  | quarterstaff, a +0 buckler, a ration
     0 | D:1      | Reached XP level 1. HP: 17/17 MP: 2/2
   202 | D:1      | Reached skill level 1 in Unarmed Combat
   270 | D:1      | Reached XP level 2. HP: 21/24 MP: 3/3
  1133 | D:2      | Found an opulent altar of Gozag.
  1148 | D:2      | Reached XP level 3. HP: 23/29 MP: 4/4
  1208 | D:2      | Found a glowing golden altar of the Shining One.
  1694 | D:2      | Slain by a hobgoblin

Vault maps used:
D:1:      nicolae_arrival_somewhat_less_tricky_arrival
D:2:      nicolae_gozag_cash_rules_everything_around_me, tso_altar,
          gammafunk_temple_overflow_statue, grunt_ashenzari_visionary

Skill      XL: |  1  2  3 |
---------------+----------+-----
Unarmed Combat | 1 2 |  2.8
Shields        | 2 |  2.2
Fighting       | |  2.1
Staves         | |  1.0
Stealth        | |  1.0
Spellcasting   | |  1.0
Necromancy     | |  3.0
Translocations | |  1.0

Action                   || total
-------------------------++-------
Melee: Dagger            ||   139
       Tailslap          ||    19
  Use: Potion            ||     1
 Stab: Sleeping          ||     1
  Eat: Chunk             ||     2
Armor: Skin              ||    68
Dodge: Dodged            ||    88
Block: Buckler           ||    24

Table legend:
 A = Non-vault XP
 B = Vault XP
 C = Vault XP percentage of total XP
 D = Non-vault monster count
 E = Vault monster count
 F = Vault count percentage of total count
                 A         B        C        D         E       F
            +---------+---------+-------+---------+---------+-------
      Total |      91 |       0 |   0.0 |      29 |       0 |   0.0
            +---------+---------+-------+---------+---------+-------
        D:1 |      52 |       0 |   0.0 |      23 |       0 |   0.0
        D:2 |      39 |       0 |   0.0 |       6 |       0 |   0.0
            +---------+---------+-------+---------+---------+-------
